 Dungeon Crawl Stone Soup version 0.23-a0-584-g44dd78f40d (webtiles) character file.

1510831 Xenophilius the Slayer (level 27, 235/235 HPs)
             Began as a Human Gladiator on Dec 17, 2018.
             Was the Champion of Fedhas.
             Escaped with the Orb
             ... and 3 runes on Dec 18, 2018!
             The game lasted 07:49:31 (90500 turns).

Xenophilius the Slayer (Human Gladiator)           Turns: 90500, Time: 07:49:31

Health: 235/235    AC: 30    Str: 24 (25) XL:     27
Magic:  38/40      EV: 25    Int: 20      God:    Fedhas [******]
Gold:   2066       SH:  0    Dex: 16      Spells: 17/52 levels left

rFire    + + .     SeeInvis +   b - +9 longbow (venom)
rCold    + . .     Gourm    .   (shield currently unavailable)
rNeg     + . .     Faith    .   P - +5 ring mail of Esof {rCorr Str+2 Int+4 SInv}
rPois    +         Spirit   +   M - +1 helmet of the Wheelwright {+Inv rElec rPois}
rElec    +         Reflect  .   t - +4 dragonskin cloak
rCorr    +         Harm     .   g - +2 pair of gloves {archery}
MR       +++..                  q - +2 pair of boots of the Assassin {Detection Stab+ Stlth++}
Stlth    ++........             U - amulet of guardian spirit
HPRegen  0.49/turn              A - ring "Ujaliz" {rF+ rC+ MR+ Stlth+}
MPRegen  0.27/turn              W - ring of protection from fire

@: deflect missiles
A: deterioration 1, inhibited regeneration, strong 2, subdued magic 1
0: Orb of Zot
}: 3/15 runes: decaying, serpentine, slimy
a: Fungal Bloom, Sunlight, Evolution, Growth, Reproduction, Rain, Renounce
Religion, Evoke Invisibility


You escaped.
You worshipped Fedhas.
Fedhas was exalted by your worship.
You were full.

You visited 10 branches of the dungeon, and saw 53 of its levels.
You visited the Abyss 1 time.
You also visited: Sewer, Bailey and Ice Cave.

You collected 7672 gold pieces.
You spent 5606 gold pieces at shops.

Inventory:

Hand Weapons
 a - a +6 longbow of freezing
 b - a +9 longbow of venom (weapon)
Missiles
 d - 9 throwing nets (quivered)
 i - 1113 arrows
Armour
 g - a +2 pair of gloves of archery (worn)
 q - the +2 pair of boots of the Assassin (worn) {Detection Stab+ Stlth++}
   (You found it on level 4 of the Depths)

   It makes you much more stealthy.
 t - the +4 dragonskin cloak (worn)
   (You took it off Tiamat on level 2 of the Realm of Zot)
 M - the +1 helmet of the Wheelwright (worn) {+Inv rElec rPois}
   (You found it on level 6 of the Lair of Beasts)

   It insulates you from electricity.
   It protects you from poison.
   It lets you turn invisible.
 P - the +5 ring mail of Esof (worn) {rCorr Str+2 Int+4 SInv}
   (You found it on level 3 of the Elven Halls)

   It affects your strength (+2).
   It affects your intelligence (+4).
   It lets you see invisible.
   It provides partial protection from all sources of acid and corrosion.
Jewellery
 A - the ring "Ujaliz" (left hand) {rF+ rC+ MR+ Stlth+}
   (You found it on level 2 of the Depths)

   [ring of stealth]

   It protects you from fire.
   It protects you from cold.
   It affects your resistance to hostile enchantments.
   It makes you more stealthy.
 D - the ring of Shadows {Umbra +Inv Stlth+}
   (You took it off a rakshasa on level 4 of the Depths)

   [ring of stealth]

   It lets you turn invisible.
   It makes you more stealthy.
 O - the ring "Ylinumm" {Wiz rElec Dex-3 Stlth+}
   (You acquired it on level 2 of the Realm of Zot)

   [ring of wizardry]

   It improves your spell success rate.
   It affects your dexterity (-3).
   It insulates you from electricity.
   It makes you more stealthy.
 U - an amulet of guardian spirit (around neck)
 V - a +4 ring of evasion
 W - a ring of protection from fire (right hand)
Wands
 e - a wand of digging (41)
 o - a wand of acid (37)
 s - a wand of clouds (30)
 x - a wand of paralysis (20)
 L - a wand of iceblast (28)
 X - a wand of enslavement (8)
Scrolls
 h - 3 scrolls of summoning
 j - 16 scrolls of identify
 l - 8 scrolls of blinking
 v - a scroll of silence
 y - 20 scrolls of teleportation
 z - 30 scrolls of remove curse
 B - 5 scrolls of fog
 C - 6 scrolls of immolation
 J - 4 scrolls of magic mapping
 S - 9 scrolls of fear
 Y - 5 scrolls of vulnerability
Potions
 c - 5 potions of magic
 k - a potion of cancellation
 m - 11 potions of brilliance
 p - 6 potions of agility
 r - 18 potions of heal wounds
 w - 11 potions of flight
 F - 4 potions of mutation
 G - 23 potions of curing
 H - 8 potions of might
 I - a potion of ambrosia
 N - 12 potions of lignification
 Q - 6 potions of haste
 R - 5 potions of invisibility
 Z - 4 potions of resistance
Miscellaneous
 n - a fan of gales
 u - 5 boxes of beasts
 E - 3 phantom mirrors
 T - 4 sacks of spiders
Comestibles
 f - a ration


   Skills:
 * Level 23.1 Fighting
   Level 5.9 Maces & Flails
 - Level 20.0 Bows
 - Level 2.0 Throwing
 - Level 19.0 Armour
 * Level 18.1 Dodging
 + Level 13.1 Spellcasting
 - Level 3.0 Hexes
 - Level 12.0 Charms
 - Level 10.0 Necromancy
 - Level 8.0 Translocations
 - Level 12.0 Air Magic
 - Level 10.0 Earth Magic
 - Level 12.0 Invocations
 + Level 8.2 Evocations


You had 17 spell levels left.
You knew the following spells:

 Your Spells              Type           Power        Failure   Level  Hunger
a - Apportation           Tloc           #####.       1%          1    None
g - Passage of Golubria   Tloc           N/A          1%          4    None
v - Borgnjor's Vile Clut  Necr/Erth      #####.....   2%          5    ####...
w - Passwall              Tmut/Erth      ####....     1%          2    None
B - Blink                 Tloc           N/A          1%          2    None
M - Deflect Missiles      Chrm/Air       #####.....   5%          6    #####..
P - Portal Projectile     Hex/Tloc       ####..       1%          3    None
Q - Silence               Hex/Air        ####......   7%          5    ####...
R - Regeneration          Chrm/Necr      #####.....   1%          3    None
S - Summon Lightning Spi  Summ/Air       ####....     4%          4    None

Your spell library contained the following spells:

 Spells                   Type           Power        Failure   Level  Hunger
 Animate Skeleton         Necr           N/A          1%          1    None
 Confusing Touch          Hex            ###...       1%          1    None
 Corona                   Hex            ###....      1%          1    None
 Infusion                 Chrm           ####         1%          1    None
 Pain                     Necr           ####         1%          1    None
 Sandblast                Erth           #####.       1%          1    None
 Corpse Rot               Necr           N/A          1%          2    None
 Poisonous Vapours        Pois/Air       ####..       1%          2    None
 Shroud of Golubria       Chrm/Tloc      #####.....   1%          2    None
 Slow                     Hex            ###.....     1%          2    None
 Song of Slaying          Chrm           #####...     1%          2    None
 Gell's Gravitas          Tloc           #####.....   1%          3    None
 Lesser Beckoning         Tloc           #####.....   1%          3    None
 Ozocubu's Armour         Chrm/Ice       ####....     1%          3    None
 Spectral Weapon          Hex/Chrm       ####....     1%          3    None
 Stone Arrow              Conj/Erth      ####..       1%          3    None
 Teleport Other           Tloc           #####...     1%          3    None
 Vampiric Draining        Necr           #####.....   1%          3    None
 Animate Dead             Necr           N/A          1%          4    None
 Mephitic Cloud           Conj/Pois/Air  ###.....     2%          3    None
 Recall                   Summ/Tloc      N/A          2%          3    None
 Agony                    Necr           #####...     2%          5    ####...
 Dispel Undead            Necr           #####...     2%          5    ####...
 Lee's Rapid Deconstruct  Erth           #####.....   2%          5    ####...
 Leda's Liquefaction      Hex/Erth       ####......   3%          4    None
 Beastly Appendage        Tmut           ##....       4%          1    None
 Flame Tongue             Conj/Fire      ##...        4%          1    None
 Freeze                   Ice            ##..         4%          1    None
 Magic Dart               Conj           ##..         4%          1    None
 Sting                    Conj/Pois      ##..         4%          1    None
 Summon Butterflies       Summ           ##......     4%          1    None
 Summon Small Mammal      Summ           ##..         4%          1    None
 Ensorcelled Hibernation  Hex/Ice        ##....       4%          2    None
 Confuse                  Hex            ###.....     4%          3    None
 Tukima's Dance           Hex            ###.....     4%          3    None
 Petrify                  Tmut/Erth      ####....     7%          4    None
 Call Imp                 Summ           ##......     8%          2    None
 Searing Ray              Conj           ##....       8%          2    None
 Sticks to Snakes         Tmut           ##......     8%          2    None
 Throw Flame              Conj/Fire      ##....       8%          2    None
 Throw Frost              Conj/Ice       ##....       8%          2    None
 Dazzling Spray           Conj/Hex       ##....       9%          3    None
 Inner Flame              Hex/Fire       ##......     9%          3    None
 Summon Guardian Golem    Hex/Summ       ##......     9%          3    None
 Force Lance              Conj/Tloc      ###.....     10%         4    None
 Death Channel            Necr           #####.....   13%         6    #####..
 Call Canine Familiar     Summ           ##......     16%         3    None
 Conjure Flame            Conj/Fire      ##......     16%         3    None
 Ignite Poison            Fire/Tmut/Pois ##......     16%         3    None
 Spider Form              Tmut/Pois      ##........   16%         3    None
 Cause Fear               Hex            ###.......   16%         4    None
 Fulminant Prism          Conj/Hex       ##........   30%         4    None
 Summon Forest            Summ/Tloc      ###.......   30%         5    ####...
 Bolt of Magma            Conj/Fire/Erth ###.......   36%         5    ####...
 Ice Form                 Ice/Tmut       ##......     50%         4    None
 Iskenderun's Mystic Bla  Conj           ##......     50%         4    None
 Olgreb's Toxic Radiance  Pois           ##......     50%         4    None
 Sticky Flame             Conj/Fire      ##......     50%         4    None
 Summon Ice Beast         Ice/Summ       ##......     50%         4    None
 Throw Icicle             Conj/Ice       ##......     50%         4    None
 Conjure Ball Lightning   Conj/Air       ####......   58%         6    #####..
 Summon Mana Viper        Hex/Summ       ##......     63%         5    ####...
 Yara's Violent Unravell  Hex/Tmut       ##........   63%         5    ####...
 Iron Shot                Conj/Erth      ####......   73%         6    #####..
 Simulacrum               Ice/Necr       ####......   73%         6    #####..
 Statue Form              Tmut/Erth      ####.....    73%         6    #####..
 Alistair's Intoxication  Tmut/Pois      ##......     85%         5    ####...
 Aura of Abjuration       Summ           ##........   85%         5    ####...
 Blade Hands              Tmut           ##........   85%         5    ####...
 Fireball                 Conj/Fire      ##........   85%         5    ####...
 Irradiate                Conj/Tmut      ##........   85%         5    ####...
 Summon Demon             Summ           ##........   85%         5    ####...
 Venom Bolt               Conj/Pois      ##........   85%         5    ####...
 Darkness                 Hex            ###.......   95%         6    #####..
 Ring of Flames           Chrm/Fire      ####......   99%         7    #######
 Bolt of Fire             Conj/Fire      ##........   100%        6    #####..
 Hydra Form               Tmut           ##........   100%        6    #####..
 Shadow Creatures         Summ           N/A          100%        6    #####..
 Dragon Form              Tmut           ##........   100%        7    #######
 Summon Hydra             Summ           ##........   100%        7    #######
 Ignition                 Fire           ##........   100%        8    #######
 Dragon's Call            Summ           ##........   100%        9    #######
 Shatter                  Erth           #####.....   100%        9    #######
 Tornado                  Air            #####.....   100%        9    #######


Dungeon Overview and Level Annotations

Branches:
Dungeon (15/15)            Temple (0/1) D:5            Lair (6/6) D:8
  Swamp (4/4) Lair:2        Snake (4/4) Lair:3        Slime (5/5) Lair:5
    Orc (2/2) D:11            Elf (3/3) Orc:2        Vaults (4/5) D:14
  Crypt (0/3) Vaults:2     Depths (5/5) D:15            Zot (5/5) Depths:5

Altars:
Ashenzari
Cheibriados
Dithmenos
Elyvilon
Fedhas
Kikubaaqudgha
Makhleb
Okawaru
Ru
Sif Muna
Vehumet
Wu Jian
Xom
Zin
The Shining One
Jiyva

Shops:
Orc:2 [(:*   Elf:2 :   Elf:3 }=}   Snake:1 [[[   Vaults:3 [   Vaults:4 ?

Portals:
Hell: Lair:6 Depths:1 Depths:2 Depths:3 Depths:4 Depths:5
Abyss: Depths:4
Pandemonium: Depths:1 Depths:2 Depths:3
Ziggurat: Depths:5

Annotations:
D:8 dig
Elf:2 4 runed doors
Depths:5 exclusion: upstairs
Zot:5 22 runed doors


Innate Abilities, Weirdness & Mutations

Your body sometimes deteriorates upon taking damage.
You do not regenerate when monsters are visible.
Your muscles are very strong. (Str +4)
Your spells are a little easier to cast, but a little less powerful.


Message History

This square is covered in magical glow.
You begin to meditate on the wall.
You continue meditating on the rock. x2
You finish merging with the rock.
Casting: Passwall (safe; 1% risk of failure)
Confirm with . or Enter, or press ? or * to list all spells.
Aiming: Passwall (safe; 1% risk of failure)
Press: ? - help, Dir - move target cursor A rock wall.
This square is covered in magical glow.
You begin to meditate on the wall.
You continue meditating on the rock. x2
You finish merging with the rock.
Casting: Passwall (safe; 1% risk of failure)
Confirm with . or Enter, or press ? or * to list all spells.
Aiming: Passwall (safe; 1% risk of failure)
Press: ? - help, Dir - move target cursor A rock wall.
This square is covered in magical glow.
You begin to meditate on the wall.
You continue meditating on the rock. x2
You finish merging with the rock.
You have escaped!

#############.....
#...#.......#.....
#.#.#.#####.#.....
#.#.#...#.#.#.....
#.#.###.#P#.#.###.
#.#.....#.#.#.# #.
#.#.#####.#.#.# ##
###.#...#.#.#.# #.
#@..#.#.#.###.###.
###.#.#.#.#รท......
#.#.#.#.#.#.######
#.#.#.#.#...#.....
#.#.###.###.#.####
#.#.#.....#.#.####
#.#...###.#.#.....
#...#.#.....######
#############


There were no monsters in sight!

Vanquished Creatures
  the Royal Jelly (Slime:5)
  Tiamat (Zot:2)
  2 ancient liches
  Boris (Depths:4)
  the Lernaean hydra (Swamp:4)
  Saint Roka (Orc:2)
  2 caustic shrikes (Depths:3)
  Nikola (Elf:1)
  4 golden dragons
  Jory (Vaults:3)
  A bone dragon (Depths:5)
  5 electric golems
  A Tzitzimitl (Depths:4)
  23 Orb Guardians (Zot:5)
  14 tentacled monstrosities
  A titan (Depths:3)
  3 deep elf blademasters (Elf:3)
  19 acid blobs
  3 tentacled starspawn
  Frances (Snake:2)
  A deep elf master archer (Elf:3)
  6 death cobs
  4 quicksilver dragons
  4 sphinxes
  Agnes (Elf:2)
  6 shadow dragons
  15 azure jellies
  7 nagarajas
  7 storm dragons
  3 tengu reavers
  6 draconian monks
  An iron dragon (Depths:2)
  12 fire giants
  3 draconian knights (Zot:3)
  5 draconian scorchers
  4 draconian shifters
  8 deep elf sorcerers
  An orc warlord (Orc:1)
  7 vault wardens
  6 frost giants
  2 ghost moths
  6 draconian stormcallers
  15 stone giants
  6 draconian annihilators
  8 deep elf elementalists (Elf:3)
  3 spriggan defenders
  15 ironheart preservers
  16 very ugly things
  The ghost of Tanyipysto the Severer, a journeyman HOFi of Okawaru (Lair:5)
  9 entropy weavers
  7 deep elf demonologists
  11 green draconians
  5 vampire knights
  10 black draconians
  The ghost of twirl the Basher, a journeyman GrFi (Lair:6)
  The ghost of Ytit the Unseen, a journeyman SpEn of Dithmenos (Depths:1)
  The ghost of Hxbwjdbjkwsadvkkvk the Unseen, a journeyman SpEn of Dithmenos (Orc:2)
  11 yellow draconians
  12 deep elf annihilators
  10 red draconians
  The ghost of Nounaysk the Grappler, a journeyman BaIE of Cheibriados (Lair:5)
  The ghost of Xijeg the Blocker, a journeyman GnWn of Okawaru (Lair:5)
  6 spark wasps
  8 white draconians
  2 starcursed masses (Abyss:3)
  8 ettins
  13 purple draconians
  7 deep elf death magi
  16 death oozes
  Josephine (D:14)
  11 deep elf high priests
  The ghost of Houdghis the Martial Artist, a journeyman OpNe of Cheibriados (Lair:4)
  8 fire dragons
  13 great orbs of eyes
  22 yaktaur captains
  A hell beast (Depths:2)
  6 rakshasas
  10 ice dragons
  A ghost crab (Swamp:1)
  7 vault guards
  17 naga warriors
  2 anacondas
  20 hydras
  2 spriggan air magi
  13 centaur warriors
  2 catoblepae
  14 alligators
  3 death knights
  9 ogre magi
  13 dancing weapons
  2 death yaks
  29 two-headed ogres
  14 deep troll shamans
  A queen ant (Lair:6)
  2 shock serpents
  3 tengu warriors
  17 naga sharpshooters
  7 spriggan berserkers
  13 deep troll earth magi
  4 orc high priests
  3 vampire magi
  13 deep elf knights
  2 wretched stars
  5 salamander mystics
  A sixfirhy (Lair:6)
  An iron troll (shapeshifter) (Depths:3)
  6 shadow wraiths
  7 iron trolls
  A hell knight (Depths:3)
  A titan skeleton (Vaults:4)
  6 skeletal warriors
  10 wandering mushrooms
  A death drake (shapeshifter) (Vaults:4)
  2 unseen horrors
  A sea snake (Snake:3)
  A spatial maelstrom (Abyss:3)
  3 spriggan druids
  4 shadow demons
  2 lindwurms
  4 naga ritualists
  9 swamp dragons (Swamp:4)
  19 deep elf archers
  A swamp dragon (shapeshifter) (D:15)
  9 glowing orange brains
  A shadow dragon zombie (Vaults:4)
  A lindwurm (shapeshifter) (Depths:3)
  36 deep trolls
  A sphinx zombie (Vaults:4)
  13 ironbrand convokers
  9 necromancers
  12 orc knights
  A wolf spider zombie (D:15)
  2 wizards (Vaults:1)
  3 flayed ghosts
  A golden dragon skeleton (Abyss:4)
  10 mana vipers
  5 harpies (Vaults:3)
  4 orc sorcerers
  3 harpies (shapeshifter)
  31 ugly things
  2 phantasmal warriors
  5 cyclopes
  2 fire giant zombies
  A sphinx skeleton (Vaults:4)
  A shadow dragon skeleton (Vaults:4)
  7 shining eyes
  2 moths of wrath (shapeshifter) (Depths:3)
  2 wolf spiders
  67 deep elf magi
  5 manticores
  20 salamanders
  3 large abominations (Abyss:3)
  34 black mambas
  5 elephants (Lair:6)
  A guardian serpent (Snake:4)
  23 moths of wrath
  10 naga magi
  A rust devil (Depths:2)
  An eye of devastation (Slime:4)
  A frost giant skeleton (Vaults:4)
  A water nymph (shapeshifter) (Depths:2)
  7 vault sentinels
  2 spiny frogs (shapeshifter)
  An orange demon (Lair:6)
  A smoke demon (Abyss:3)
  7 torpor snails (Lair:5)
  2 ice statues (IceCv)
  2 storm dragon simulacra (Vaults:4)
  44 yaktaurs
  A human zombie (Vaults:4)
  8 freezing wraiths
  12 spiny frogs
  2 hellions (Zot:1)
  A kobold demonologist (D:12)
  A komodo dragon (shapeshifter) (Depths:2)
  6 rime drakes
  2 efreet (Zot:1)
  8 ice devils
  6 komodo dragons
  A yaktaur skeleton (Vaults:4)
  A hellwing (Lair:6)
  3 red devils
  A jumping spider (shapeshifter) (Vaults:1)
  A queen bee (shapeshifter) (Depths:3)
  A tengu conjurer (D:13)
  6 trolls
  The ghost of Tinylith the Caller, an amateur NaSu (D:5)
  2 meliai (D:13)
  A meliai (shapeshifter) (Depths:2)
  7 tyrant leeches
  12 hornets
  A blink frog (shapeshifter) (Vaults:3)
  5 bog bodies
  A polar bear (Lair:6)
  A spriggan zombie (D:15)
  A hornet (shapeshifter) (Vaults:4)
  A sphinx simulacrum (Vaults:2)
  17 hippogriffs
  A wind drake (shapeshifter) (Depths:3)
  22 dream sheep
  17 blink frogs
  4 air elementals
  125 slime creatures
  An ettin zombie (Vaults:4)
  A deep troll zombie (D:15)
  A redback (Vaults:4)
  5 flying skulls (Depths:2)
  24 yaks
  11 spriggans
  2 water elementals
  5 fire elementals
  10 shadows
  A yak (shapeshifter) (Vaults:4)
  8 wraiths
  A fire dragon skeleton (D:15)
  6 basilisks
  7 wyverns
  A hungry ghost (D:11)
  A steam dragon (Lair:3)
  A human (shapeshifter) (Vaults:1)
  3 golden eyes (Slime:3)
  A human (D:12)
  A golden eye (shapeshifter) (Depths:3)
  4 hogs (D:12)
  A yaktaur simulacrum (Vaults:3)
  2 chaos spawn (Abyss:3)
  12 vampire mosquitoes
  2 soldier ants (shapeshifter)
  13 swamp worms
  16 insubstantial wisps
  53 nagas
  18 soldier ants
  A swamp worm (shapeshifter) (Depths:3)
  11 wargs
  3 acid dragons
  9 porcupines
  18 water moccasins
  2 floating eyes
  33 orc warriors
  3 hell hounds
  12 swamp drakes
  Purgy (Sewer)
  A black bear (shapeshifter) (Depths:3)
  3 sky beasts
  3 eyes of draining
  3 ice beasts
  3 black bears
  32 ogres
  4 phantoms
  29 boggarts
  15 centaurs
  16 crocodiles
  5 big kobolds
  2 gnoll sergeants
  22 bullfrogs
  3 earth elementals
  A wyvern skeleton (D:11)
  3 scorpions
  A water moccasin skeleton (D:11)
  4 small abominations
  3 wights (D:9)
  19 killer bees
  A howler monkey (D:3)
  An electric eel (D:12)
  4 crimson imps
  6 quasits
  2 draconian simulacra (IceCv)
  8 jellies
  14 orc priests
  2 centaur skeletons
  4 hounds
  2 iguanas
  4 bullfrog skeletons
  15 orc wizards
  3 troll simulacra (IceCv)
  32 worker ants
  3 spriggan simulacra (IceCv)
  A centaur simulacrum (IceCv)
  A hound skeleton (D:6)
  A howler monkey zombie (D:10)
  2 worker ant zombies
  27 gnolls
  17 adders
  A naga simulacrum (IceCv)
  4 shadow imps
  A white imp (Abyss:3)
  An ooze (D:3)
  2 adder skeletons
  2 worms
  A dart slug (D:3)
  8 leopard geckos
  61 orcs
  5 ball pythons
  9 bats
  7 giant cockroaches
  8 goblins
  13 hobgoblins
  33 jackals
  38 kobolds
  6 quokkas
  4 frilled lizards
  A jackal zombie (D:4)
  A quokka skeleton (D:4)
  10 rats
  A crawling corpse (Elf:3)
  A lurking horror (Abyss:3)
  A plant (D:1)
  A starspawn tentacle (Elf:3)
2305 creatures vanquished.

Vanquished Creatures (collateral kills)
  8 orbs of fire (Zot:5)
  An ancient lich (Zot:5)
  3 Killer Klowns (Zot:5)
  A golden dragon (Zot:5)
  2 electric golems (Zot:5)
  3 tentacled monstrosities (Zot:5)
  2 Orb Guardians (Zot:5)
  A quicksilver dragon (Zot:5)
  A shadow dragon (Zot:5)
  A frost giant (Vaults:3)
  A nagaraja (Snake:4)
  A ghost moth (Zot:5)
  A vault warden (Vaults:2)
  3 very ugly things (Vaults:2)
  2 ironheart preservers
  An entropy weaver (Lair:6)
  3 hydras
  A two-headed ogre (Vaults:2)
  A deep elf knight (Vaults:2)
  A naga ritualist (Snake:4)
  A deep troll (Vaults:2)
  2 unseen horrors (D:10)
  A lindwurm (Lair:4)
  A wizard (Lair:6)
  3 deep elf archers
  An orc sorcerer (Orc:1)
  4 ugly things
  A mana viper (Snake:3)
  A salamander (Snake:3)
  A moth of wrath (Zot:5)
  A centaur zombie (D:12)
  A black mamba (Snake:4)
  A vault sentinel (Vaults:3)
  2 spiny frogs
  A komodo dragon (Lair:2)
  A rime drake (Orc:1)
  An ice devil (Lair:6)
  A tyrant leech (Swamp:4)
  A hornet (Swamp:3)
  2 blink frogs
  4 dream sheep (Lair:6)
  A slime creature (Swamp:3)
  A hippogriff (Lair:4)
  A shadow (D:15)
  2 spriggans
  The ghost of smajdalf the Gusty, an amateur TeAE (D:4)
  2 basilisks (Lair:5)
  A hungry ghost (D:9)
  5 yaks
  4 vampire mosquitoes
  3 soldier ants (Lair:6)
  2 hell hounds (Lair:6)
  2 swamp drakes (Swamp:4)
  4 orc warriors
  A crocodile (Lair:6)
  A bullfrog (Lair:4)
  2 killer bees (D:10)
  A wight (D:4)
  A crimson imp (D:14)
  A hound (D:14)
  A gnoll (D:10)
  A worker ant zombie (D:10)
  An adder (Lair:3)
  8 orcs
  A crawling corpse (Elf:3)
118 creatures vanquished.

Vanquished Creatures (others)
  A ghoul (Vaults:2)
  A draconian annihilator (Zot:5)
  A fire dragon (Depths:2)
  A shambling mangrove (Swamp:2)
  An alligator (Swamp:2)
  2 oklob plants
  A deep elf mage (Elf:1)
  A black mamba (Snake:4)
  A spiny frog (Swamp:1)
  A bog body (Swamp:3)
  A water elemental (Elf:1)
  An air elemental (Elf:2)
  3 vampire mosquitoes (Swamp:1)
  2 insubstantial wisps (Swamp:4)
  An orc warrior (D:8)
  A necrophage (D:8)
  A ball lightning (Orc:2)
  57 wandering mushrooms
  23 fungi
  11 plants
  9 starspawn tentacles
  1338 toadstools
  2 withered plants (Lair:5)
1461 creatures vanquished.

Grand Total: 3884 creatures vanquished

Notes
Turn   | Place    | Note
-------+----------+-------------------------------------------
     0 | D:1      | Xenophilius the Human Gladiator began the quest for the
                  | Orb.
     0 | D:1      | Reached XP level 1. HP: 16/16 MP: 1/1
   534 | D:1      | Reached XP level 2. HP: 22/22 MP: 2/2
  1089 | D:1      | Reached XP level 3. HP: 25/28 MP: 3/3
  1669 | D:1      | Reached XP level 4. HP: 32/34 MP: 4/4
  2048 | D:1      | Reached skill level 3 in Fighting
  2442 | D:2      | Reached XP level 5. HP: 38/41 MP: 5/5
  2463 | D:2      | Found a faded altar of an unknown god.
  3455 | D:3      | Reached skill level 5 in Maces & Flails
  3669 | D:3      | Found a glowing drain.
  3698 | Sewer    | Entered a sewer
  3739 | Sewer    | Noticed Purgy
  3771 | Sewer    | Killed Purgy
  3771 | Sewer    | Reached XP level 6. HP: 28/48 MP: 6/6
  4505 | D:3      | Found a glowing golden altar of the Shining One.
  5063 | D:2      | Reached skill level 4 in Fighting
  5122 | D:4      | Found a transporter.
  5124 | D:4      | Found a transporter.
  5125 | D:4      | Noticed smajdalf's ghost (amateur TeAE)
  5262 | D:3      | Reached skill level 1 in Bows
  5262 | D:3      | Reached skill level 1 in Armour
  5262 | D:3      | Reached XP level 7. HP: 50/54 MP: 7/7
  5660 | D:4      | Found a white marble altar of Elyvilon.
  5660 | D:4      | Found a radiant altar of Vehumet.
  5661 | D:4      | Found a snail-covered altar of Cheibriados.
  5665 | D:4      | Found a blossoming altar of Fedhas.
  5665 | D:4      | Found a deep blue altar of Sif Muna.
  5666 | D:4      | Found an ancient bone altar of Kikubaaqudgha.
  5860 | D:4      | Became a worshipper of Fedhas Madash
  5923 | D:4      | Found an iron altar of Okawaru.
  6693 | D:4      | Found a transporter.
  6695 | D:4      | Found a transporter.
  6924 | D:5      | Entered Level 5 of the Dungeon
  6937 | D:5      | Found a transporter.
  6987 | D:5      | Found a transporter.
  7440 | D:5      | Reached XP level 8. HP: 52/61 MP: 8/8
  7702 | D:5      | Found a staircase to the Ecumenical Temple.
  7731 | D:5      | Noticed Tinylith's ghost (amateur NaSu)
  8260 | D:6      | Reached skill level 5 in Fighting
  8705 | D:6      | Found a glowing silver altar of Zin.
  8705 | D:6      | Noticed an angel
  8707 | D:6      | Found a shimmering altar of Xom.
  9024 | D:6      | Reached skill level 5 in Bows
  9324 | D:7      | Reached XP level 9. HP: 67/69 MP: 9/9
  9346 | D:7      | You fall through a shaft!
  9403 | D:8      | Noticed a two-headed ogre
  9441 | D:8      | Reached skill level 6 in Fighting
  9716 | D:6      | Reached * piety under Fedhas
 10091 | D:7      | Reached skill level 5 in Armour
 10206 | D:7      | Found a faded altar of an unknown god.
 10206 | D:7      | Found a burning altar of Makhleb.
 10211 | D:7      | Found an iron altar of Okawaru.
 10213 | D:7      | Found an ornate altar of the Wu Jian Council.
 10214 | D:7      | Found a sacrificial altar of Ru.
 10594 | D:7      | Reached skill level 7 in Fighting
 10594 | D:7      | Reached XP level 10. HP: 42/79 MP: 10/10
 10790 | D:8      | Found a staircase to the Lair.
 11733 | D:8      | Killed a two-headed ogre
 13002 | D:9      | Reached ** piety under Fedhas
 13036 | D:9      | Reached skill level 8 in Fighting
 13504 | D:9      | Reached skill level 10 in Bows
 13847 | D:9      | Reached XP level 11. HP: 86/86 MP: 11/11
 14278 | D:10     | Entered Level 10 of the Dungeon
 14653 | D:10     | Found a shadowy altar of Dithmenos.
 14800 | D:10     | Killed an unseen horror
 14949 | D:10     | Killed an unseen horror
 14949 | D:10     | Reached skill level 1 in Invocations
 15634 | Lair:1   | Entered Level 1 of the Lair of Beasts
 15634 | Lair:1   | Noticed a four-headed hydra
 15639 | Lair:1   | Killed a four-headed hydra
 15639 | Lair:1   | Reached skill level 9 in Fighting
 15945 | Lair:1   | Identified the Incunabulum of Dark Transformation
 16834 | Lair:1   | Reached XP level 12. HP: 96/96 MP: 14/14
 17205 | Lair:2   | Found a staircase to the Swamp.
 17275 | Lair:2   | Identified a scroll of acquirement
 17277 | Lair:2   | Got a pair of heavily runed gloves
 17288 | Lair:2   | Identified the +2 pair of gloves "Xuc Bien" {*Slow +Inv rN+
                  | Stlth+} (You acquired it on level 2 of the Lair of Beasts)
 17366 | Lair:2   | Reached skill level 1 in Evocations
 18228 | Lair:3   | Noticed a six-headed hydra
 18233 | Lair:3   | Killed a six-headed hydra
 18236 | Lair:3   | Reached *** piety under Fedhas
 18327 | Lair:3   | Found a staircase to the Snake Pit.
 18535 | Lair:3   | Reached skill level 5 in Invocations
 18599 | Lair:3   | Identified the +7 trident "Ogreslayer" {drain, rPois MR-
                  | Int+9 Dex-2} (You found it on level 3 of the Lair of
                  | Beasts)
 18759 | Lair:3   | Reached skill level 10 in Fighting
 19581 | Lair:4   | Noticed an eight-headed hydra
 19851 | Lair:4   | Reached XP level 13. HP: 54/103 MP: 15/17
 20130 | Lair:4   | Got a fine bone ring
 20132 | Lair:4   | Identified the ring "Ithrieketu" {-Tele AC+3 Int+7} (You
                  | found it on level 4 of the Lair of Beasts)
 20198 | Lair:4   | Found a sacrificial altar of Ru.
 20249 | Lair:4   | Reached skill level 5 in Evocations
 20313 | Lair:4   | Got a crystal falchion
 20485 | Lair:4   | Killed an eight-headed hydra
 20657 | Lair:5   | Noticed a six-headed hydra
 20931 | Lair:5   | Killed a six-headed hydra
 21226 | Lair:5   | Noticed a seven-headed hydra
 21231 | Lair:5   | Killed a seven-headed hydra
 21311 | Lair:5   | Found a viscous altar of Jiyva.
 21524 | Lair:5   | Reached skill level 10 in Armour
 21556 | Lair:5   | Found a snail-covered altar of Cheibriados.
 22082 | Lair:5   | Found a runed gate.
 22082 | Lair:5   | Found a runed gate.
 22082 | Lair:5   | Found a runed gate.
 22084 | Lair:5   | Noticed Nounaysk's ghost (journeyman BaIE)
 22084 | Lair:5   | Noticed Xijeg's ghost (journeyman GnWn)
 22085 | Lair:5   | Noticed Tanyipysto's ghost (journeyman HOFi)
 22085 | Lair:5   | Noticed Houdghis's ghost (journeyman OpNe)
 22195 | Lair:5   | Found a staircase to the Slime Pits.
 22379 | Lair:6   | Entered Level 6 of the Lair of Beasts
 22706 | Lair:5   | Reached skill level 11 in Fighting
 22892 | Lair:6   | Reached XP level 14. HP: 108/113 MP: 17/19
 22910 | Lair:6   | Found a transporter.
 22928 | Lair:6   | Noticed an entropy weaver
 22936 | Lair:6   | Killed an entropy weaver
 22947 | Lair:5   | Reached **** piety under Fedhas
 23067 | Lair:6   | Noticed an entropy weaver
 23074 | Lair:6   | Killed an entropy weaver
 23193 | Lair:6   | Noticed twirl's ghost (journeyman GrFi)
 23378 | Lair:6   | Found a transporter.
 24000 | Lair:6   | Reached skill level 15 in Bows
 24316 | Lair:6   | Reached ***** piety under Fedhas
 24703 | Lair:6   | Found a burning altar of Makhleb.
 25128 | Lair:6   | Found a gateway to Hell.
 25141 | Lair:6   | Got a pair of jewelled gloves
 25141 | Lair:6   | Got a scorched helmet
 25152 | Lair:6   | Identified the +1 helmet of the Wheelwright {+Inv rElec
                  | rPois} (You found it on level 6 of the Lair of Beasts)
 25162 | Lair:6   | Identified the +2 pair of gloves "Joim" {Int+3} (You found
                  | it on level 6 of the Lair of Beasts)
 25312 | Lair:6   | Killed twirl's ghost
 25312 | Lair:6   | Reached skill level 12 in Fighting
 25347 | Lair:6   | Identified the cursed +0 falchion "Wunonusoam" {pain, rF+
                  | Dex+2} (You found it on level 4 of the Lair of Beasts)
 25688 | D:4      | Killed smajdalf's ghost
 25804 | D:5      | Killed Tinylith's ghost
 26123 | D:11     | Reached XP level 15. HP: 120/120 MP: 21/21
 26265 | D:11     | Found a flagged portal.
 26302 | Bailey   | Entered a bailey
 27350 | D:11     | Found a staircase to the Orcish Mines.
 27585 | Orc:1    | Entered Level 1 of the Orcish Mines
 27631 | Orc:1    | Found a frozen archway.
 27656 | IceCv    | Entered an ice cave
 28028 | IceCv    | Reached XP level 16. HP: 127/127 MP: 21/23
 28236 | IceCv    | Reached skill level 10 in Invocations
 28750 | Orc:2    | Entered Level 2 of the Orcish Mines
 28750 | Orc:2    | Found a staircase to the Elven Halls.
 29219 | Orc:2    | Found Veidoirph's Antique Weapon Boutique.
 29270 | Orc:2    | Found Ypsuli's Book Shoppe.
 29333 | Orc:2    | Found Vin Seud's General Store.
 29470 | Orc:2    | Noticed Saint Roka
 29974 | Orc:2    | Killed Saint Roka
 30247 | Orc:2    | Bought a scroll of silence for 112 gold pieces
 30247 | Orc:2    | Bought a scroll of identify for 30 gold pieces
 30431 | Orc:2    | Found Kalybloc's Antique Armour Emporium.
 30846 | Orc:2    | Found a runed door.
 30847 | Orc:2    | Found a shimmering altar of Xom.
 30847 | Orc:2    | Noticed Hxbwjdbjkwsadvkkvk's ghost (journeyman SpEn)
 32972 | D:13     | Reached skill level 5 in Dodging
 32972 | D:13     | Reached XP level 17. HP: 135/135 MP: 24/24
 33283 | D:14     | Found a radiant altar of Vehumet.
 33817 | D:14     | Noticed Josephine
 33914 | D:14     | Killed Josephine
 34095 | D:13     | Reached ****** piety under Fedhas
 34503 | D:14     | Reached skill level 13 in Fighting
 34698 | D:14     | Found a gate to the Vaults.
 34732 | D:15     | Entered Level 15 of the Dungeon
 35013 | D:15     | Found a staircase to the Depths.
 36106 | D:15     | Learned a level 1 spell: Apportation
 36320 | Swamp:1  | Entered Level 1 of the Swamp
 36427 | Swamp:1  | Noticed a thorn hunter
 37503 | Swamp:1  | Reached XP level 18. HP: 136/144 MP: 22/25
 40305 | Swamp:4  | Entered Level 4 of the Swamp
 40458 | Swamp:4  | Identified the Compendium of Unholy Rituals
 40774 | Swamp:4  | Reached skill level 14 in Fighting
 41522 | Swamp:4  | Noticed the 27-headed Lernaean hydra
 41538 | Swamp:4  | Killed the 27-headed Lernaean hydra
 41797 | Swamp:4  | Got a decaying rune of Zot
 42066 | Snake:1  | Entered Level 1 of the Snake Pit
 42379 | Snake:1  | Reached XP level 19. HP: 153/153 MP: 26/26
 42600 | Snake:1  | Found Jotwyet's Armour Shoppe.
 42737 | Snake:1  | Found Diellol's Antique Armour Emporium.
 42744 | Snake:1  | Found Vyuqeom's Armour Shoppe.
 42746 | Snake:1  | Bought a runed cloak for 195 gold pieces
 43085 | Snake:2  | Reached skill level 15 in Armour
 43588 | Snake:2  | Noticed Frances
 43599 | Snake:2  | Killed Frances
 44813 | Snake:3  | Reached skill level 15 in Fighting
 45243 | Snake:4  | Entered Level 4 of the Snake Pit
 45408 | Snake:4  | Found a shattered altar of Ashenzari.
 46826 | Snake:4  | Reached XP level 20. HP: 163/163 MP: 27/27
 47144 | Snake:4  | Reached skill level 16 in Fighting
 47450 | Snake:4  | Got a serpentine rune of Zot
 47695 | Lair:4   | Killed Houdghis's ghost
 47748 | Lair:5   | Killed Xijeg's ghost
 47810 | Lair:5   | Killed Nounaysk's ghost
 47856 | Lair:5   | Found a staircase to the Slime Pits.
 47856 | Lair:5   | Found a viscous altar of Jiyva.
 47887 | Lair:5   | Killed Tanyipysto's ghost
 48027 | Lair:5   | Found a snail-covered altar of Cheibriados.
 48632 | Vaults:1 | Entered Level 1 of the Vaults
 51262 | Vaults:2 | Reached XP level 21. HP: 162/173 MP: 28/28
 51592 | Vaults:2 | Reached skill level 17 in Fighting
 52603 | Vaults:2 | Found a staircase to the Crypt.
 53655 | Vaults:3 | Reached skill level 10 in Dodging
 54384 | Vaults:3 | Noticed Jory
 55442 | Vaults:3 | Reached XP level 22. HP: 183/183 MP: 29/29
 55662 | Vaults:3 | Reached skill level 18 in Fighting
 56067 | Vaults:3 | Found Migrapp's Armour Shoppe.
 56100 | Vaults:3 | Bought the +3 hat of Pondering {ponderous, MR+ MP+10 Int+5}
                  | for 685 gold pieces
 56100 | Vaults:3 | Found the +3 hat of Pondering {ponderous, MR+ MP+10 Int+5}
 56550 | Swamp:4  | Learned a level 5 spell: Borgnjor's Vile Clutch
 57401 | Vaults:3 | Reached skill level 1 in Necromancy
 57417 | Vaults:3 | Reached skill level 1 in Earth Magic
 57578 | Vaults:4 | Reached skill level 1 in Spellcasting
 58948 | Vaults:4 | Reached skill level 5 in Necromancy
 58948 | Vaults:4 | Reached skill level 5 in Earth Magic
 59361 | Vaults:4 | Reached XP level 23. HP: 191/191 MP: 30/30
 59628 | Vaults:4 | Found Haawnol's Magic Scroll Shoppe.
 59637 | Vaults:4 | Bought a scroll of enchant weapon for 120 gold pieces
 59637 | Vaults:4 | Bought a scroll of enchant weapon for 120 gold pieces
 60082 | Elf:1    | Entered Level 1 of the Elven Halls
 60230 | Elf:1    | Noticed Nikola
 60631 | Elf:1    | Killed Nikola
 61509 | Elf:1    | Identified Mitza's Papyrus of the Escort
 62000 | Elf:2    | Found a large runed door.
 62000 | Elf:2    | Found a large runed door.
 62033 | Elf:2    | Found a large runed door.
 62033 | Elf:2    | Found a large runed door.
 62194 | Elf:2    | Noticed Agnes
 62206 | Elf:2    | Killed Agnes
 62253 | Elf:2    | Found Balatuog's Book Shoppe.
 62313 | Elf:2    | Bought a book of Debilitation for 640 gold pieces
 62313 | Elf:2    | Bought a book of Spatial Translocations for 1040 gold
                  | pieces
 62318 | Elf:2    | Learned a level 4 spell: Passage of Golubria
 62322 | Elf:2    | Learned a level 3 spell: Portal Projectile
 62325 | Elf:2    | Learned a level 2 spell: Blink
 62641 | Elf:3    | Entered Level 3 of the Elven Halls
 62663 | Elf:3    | Reached skill level 1 in Translocations
 63015 | Elf:3    | Found Tuathoa's Gadget Shoppe.
 63017 | Elf:3    | Found Rastroxt's Jewellery Boutique.
 63018 | Elf:3    | Found Kyvunext's Gadget Shoppe.
 63459 | Elf:3    | Reached skill level 5 in Spellcasting
 63522 | Elf:3    | Cast into level 3 of the Abyss (a deep elf demonologist)
 63529 | Abyss:3  | Learned a level 3 spell: Regeneration
 63878 | Elf:3    | Escaped the Abyss
 63886 | Elf:3    | Reached XP level 24. HP: 187/199 MP: 30/30
 64403 | Elf:3    | Reached skill level 5 in Translocations
 64668 | Elf:3    | Identified the +2 quarterstaff "Human's Foe" {crush, rElec
                  | MP+9}
 64831 | Elf:3    | Identified the Incunabulum of Noxious Feathers
 64944 | Elf:3    | Identified the cursed +2 spear of True Grit {elec, *Contam
                  | rElec Str+7} (You found it on level 3 of the Elven Halls)
 65019 | Elf:3    | Identified the +5 ring mail of Esof {rCorr Str+2 Int+4
                  | SInv} (You found it on level 3 of the Elven Halls)
 65297 | Depths:1 | Entered Level 1 of the Depths
 65442 | Depths:1 | Found a runed gate.
 65443 | Depths:1 | Found a runed gate.
 65444 | Depths:1 | Found a runed gate.
 65447 | Depths:1 | Noticed Ytit's ghost (journeyman SpEn)
 65462 | Depths:1 | Found a viscous altar of Jiyva.
 65724 | Depths:1 | Found a one-way gate leading to the halls of Pandemonium.
 65853 | Depths:1 | Reached skill level 1 in Hexes
 66284 | Depths:1 | Killed Ytit's ghost
 66398 | Depths:1 | Identified the +6 battleaxe of the Special Cities {protect,
                  | rF++ rN+ Stlth+} (You found it on level 1 of the Depths)
 66461 | Depths:2 | Reached skill level 10 in Earth Magic
 66464 | Depths:2 | Reached skill level 10 in Necromancy
 67734 | Depths:2 | Identified the +7 hunting sling of Rubbish {flame, MR+
                  | Str+5} (You found it on level 2 of the Depths)
 67737 | Depths:2 | Got a faintly glowing bronze ring
 67738 | Depths:2 | Identified the ring "Ujaliz" {rF+ rC+ MR+ Stlth+} (You
                  | found it on level 2 of the Depths)
 67766 | Depths:2 | Reached skill level 19 in Fighting
 67880 | Depths:2 | Reached XP level 25. HP: 205/207 MP: 32/32
 68305 | Depths:2 | Identified the +4 war axe "Reqops" {venom, *Noise +Fly
                  | rElec Str-2} (You found it on level 2 of the Depths)
 68584 | Depths:2 | You fall through a shaft!
 69188 | Depths:2 | Reached skill level 20 in Fighting
 69796 | Depths:3 | Noticed an ancient lich
 69815 | Depths:3 | Killed an ancient lich
 69876 | Depths:3 | Noticed a caustic shrike
 69887 | Depths:3 | Killed a caustic shrike
 69970 | Depths:3 | Noticed a caustic shrike
 69975 | Depths:3 | Killed a caustic shrike
 70002 | Depths:3 | Reached skill level 21 in Fighting
 70125 | Depths:3 | Noticed a caustic shrike
 70125 | Depths:3 | a dire elephant changed into a caustic shrike
 70130 | Depths:3 | a caustic shrike changed into an iron troll
 70758 | Depths:3 | Identified the cursed +1 chain mail of a Gauntlet {rCorr
                  | Str+2} (You found it on level 3 of the Depths)
 71056 | Depths:3 | Reached XP level 26. HP: 150/222 MP: 27/32
 72027 | Depths:4 | Noticed Boris
 72065 | Depths:4 | Killed Boris
 72628 | Depths:4 | Found the +2 pair of boots of the Assassin {Detection Stab+
                  | Stlth++}
 72630 | Depths:4 | Found a shadowy altar of Dithmenos.
 73151 | Depths:4 | Found a one-way gate to the infinite horrors of the Abyss.
 73445 | Depths:4 | Identified the ring of Jeqe Ono {Str+4 Slay+3} (You
                  | acquired it on level 4 of the Depths)
 73517 | Depths:4 | You fall through a shaft!
 73517 | Depths:5 | Entered Level 5 of the Depths
 73544 | Depths:5 | Identified the +2 robe "Hyerhoga" {rElec rPois rCorr Dex+5}
                  | (You found it on level 5 of the Depths)
 73913 | Depths:5 | Found a gateway to a ziggurat.
 74108 | Depths:5 | Found a gate to the Realm of Zot.
 74428 | Depths:5 | Learned a level 6 spell: Deflect Missiles
 74563 | Depths:5 | Reached skill level 1 in Charms
 74563 | Depths:5 | Reached skill level 1 in Air Magic
 75126 | Slime:1  | Entered Level 1 of the Pits of Slime
 75129 | Slime:1  | Reached XP level 27. HP: 231/231 MP: 32/32
 75504 | Slime:5  | Entered Level 5 of the Pits of Slime
 75528 | Slime:5  | Gained mutation: Your body sometimes deteriorates upon
                  | taking damage. [a shining eye]
 76217 | Slime:3  | Reached skill level 5 in Charms
 76217 | Slime:3  | Reached skill level 5 in Air Magic
 76459 | Slime:4  | Reached skill level 15 in Dodging
 76474 | Slime:5  | Noticed the Royal Jelly
 76925 | Slime:5  | Found a viscous altar of Jiyva.
 77049 | Slime:5  | Killed the Royal Jelly
 77349 | Slime:5  | Got a twisted longbow
 77350 | Slime:5  | Identified the cursed +0 longbow of the Modern Seas {venom,
                  | *Drain Str+5 Dex+7} (You found it on level 5 of the Pits of
                  | Slime)
 77396 | Slime:5  | Identified the ring "Kompam" {rC+ SInv Stlth+} (You found
                  | it on level 5 of the Pits of Slime)
 77425 | Slime:5  | Identified the +2 robe of Cowardice {Str+3} (You found it
                  | on level 5 of the Pits of Slime)
 77441 | Slime:5  | Identified the cursed +3 long sword of Meth {drain, rC+}
                  | (You found it on level 5 of the Pits of Slime)
 77459 | Slime:5  | Got a slimy rune of Zot
 77809 | Orc:2    | Killed Hxbwjdbjkwsadvkkvk's ghost
 77928 | Orc:2    | Bought a potion of haste for 150 gold pieces
 77928 | Orc:2    | Bought a scroll of teleportation for 45 gold pieces
 77928 | Orc:2    | Bought a wand of clouds (5) for 405 gold pieces
 77986 | Elf:2    | Bought a book of Geomancy for 560 gold pieces
 77989 | Elf:2    | Learned a level 2 spell: Passwall
 78038 | Elf:3    | Bought a wand of digging (7) for 242 gold pieces
 78038 | Elf:3    | Bought a box of beasts for 220 gold pieces
 78038 | Elf:3    | Bought a wand of acid (7) for 242 gold pieces
 78042 | Elf:3    | Bought a box of beasts for 400 gold pieces
 78042 | Elf:3    | Bought a box of beasts for 400 gold pieces
 78556 | Vaults:3 | Killed Jory
 78790 | Zot:1    | Entered Level 1 of the Realm of Zot
 78834 | Zot:1    | Identified the +2 robe of Zymof Exaixt {Regen+ Int+3} (You
                  | found it on level 1 of the Realm of Zot)
 80823 | Zot:2    | Identified the +0 pair of boots of Salvation {+Inv MR-
                  | rCorr Str+2 Int+6} (You found it on level 2 of the Realm of
                  | Zot)
 81690 | Zot:2    | Identified the +4 dragonskin cloak
 81690 | Zot:2    | Noticed Tiamat
 82015 | Zot:2    | Killed Tiamat
 82015 | Zot:2    | Reached skill level 10 in Charms
 82015 | Zot:2    | Reached skill level 10 in Air Magic
 82476 | Zot:2    | Got a brightly glowing amber ring
 82477 | Zot:2    | Identified the ring "Ylinumm" {Wiz rElec Dex-3 Stlth+} (You
                  | acquired it on level 2 of the Realm of Zot)
 82900 | Zot:3    | You fall through a shaft!
 83044 | Zot:3    | Learned a level 4 spell: Summon Lightning Spire
 83050 | Zot:3    | Learned a level 5 spell: Silence
 83816 | Zot:3    | Reached skill level 10 in Spellcasting
 84817 | Zot:4    | Identified the +6 chain mail of Liokedus {*Drain +Inv rC++
                  | Regen+} (You found it on level 4 of the Realm of Zot)
 84940 | Zot:4    | Reached skill level 22 in Fighting
 85306 | Zot:5    | Entered Level 5 of the Realm of Zot
 85406 | Zot:5    | Found a huge runed gate.
 85406 | Zot:5    | Found a huge runed gate.
 85406 | Zot:5    | Found a huge runed gate.
 85406 | Zot:5    | Found a huge runed gate.
 85407 | Zot:5    | Found a huge runed gate.
 85407 | Zot:5    | Found a huge runed gate.
 85408 | Zot:5    | Found a huge runed gate.
 85409 | Zot:5    | Found a huge runed gate.
 85409 | Zot:5    | Found a huge runed gate.
 85409 | Zot:5    | Found a huge runed gate.
 85415 | Zot:5    | Found a huge runed gate.
 85415 | Zot:5    | Found a huge runed gate.
 85415 | Zot:5    | Found a huge runed gate.
 85415 | Zot:5    | Found a huge runed gate.
 85415 | Zot:5    | Found a huge runed gate.
 85426 | Zot:5    | Found a huge runed gate.
 85426 | Zot:5    | Found a huge runed gate.
 85426 | Zot:5    | Found a huge runed gate.
 85426 | Zot:5    | Found a huge runed gate.
 85426 | Zot:5    | Found a huge runed gate.
 85426 | Zot:5    | Found a huge runed gate.
 85426 | Zot:5    | Found a huge runed gate.
 86161 | Zot:5    | Noticed an ancient lich
 86174 | Zot:5    | Killed an ancient lich
 86236 | Zot:5    | Noticed an orb of fire
 86242 | Zot:5    | Killed an orb of fire
 86565 | Zot:5    | Noticed an orb of fire
 86572 | Zot:5    | Killed an orb of fire
 86588 | Zot:5    | Gained mutation: Armour fits poorly on your strangely
                  | shaped body. [an orb of fire]
 86590 | Zot:5    | Gained mutation: You are frail. (-10% HP) [an orb of fire]
 86594 | Zot:5    | Gained mutation: You do not regenerate when monsters are
                  | visible. [an orb of fire]
 86595 | Zot:5    | Killed an orb of fire
 86666 | Zot:5    | Noticed an orb of fire
 86681 | Zot:5    | Killed an orb of fire
 87153 | Zot:5    | Noticed an orb of fire
 87317 | Zot:5    | Killed an orb of fire
 87344 | Zot:5    | Found a huge runed gate.
 87344 | Zot:5    | Found a huge runed gate.
 87346 | Zot:5    | Found a huge runed gate.
 87346 | Zot:5    | Found a huge runed gate.
 87347 | Zot:5    | Found a huge runed gate.
 87347 | Zot:5    | Found a huge runed gate.
 87349 | Zot:5    | Found a huge runed gate.
 87349 | Zot:5    | Found a huge runed gate.
 87350 | Zot:5    | Found a huge runed gate.
 87350 | Zot:5    | Found a huge runed gate.
 87357 | Zot:5    | Found a huge runed gate.
 87357 | Zot:5    | Found a huge runed gate.
 87357 | Zot:5    | Found a huge runed gate.
 87357 | Zot:5    | Found a huge runed gate.
 87357 | Zot:5    | Found a huge runed gate.
 87368 | Zot:5    | Found a huge runed gate.
 87368 | Zot:5    | Found a huge runed gate.
 87368 | Zot:5    | Found a huge runed gate.
 87368 | Zot:5    | Found a huge runed gate.
 87368 | Zot:5    | Found a huge runed gate.
 87368 | Zot:5    | Found a huge runed gate.
 87368 | Zot:5    | Found a huge runed gate.
 87553 | Zot:5    | Noticed an ancient lich
 87935 | Zot:5    | Killed an ancient lich
 87956 | Zot:5    | Noticed an orb of fire
 88007 | Zot:5    | Gained mutation: Your body often deteriorates upon taking
                  | damage. [an orb of fire]
 88018 | Zot:5    | Killed an orb of fire
 88176 | Zot:5    | Reached skill level 23 in Fighting
 88180 | Zot:5    | Killed an orb of fire
 88410 | Zot:5    | Gained mutation: Your spells are a little easier to cast,
                  | but a little less powerful. [an orb of fire]
 88415 | Zot:5    | Gained mutation: You are very frail. (-20% HP) [an orb of
                  | fire]
 88821 | Depths:5 | Lost mutation: You are very frail. (-20% HP) [potion of
                  | mutation]
 88821 | Depths:5 | Lost mutation: You are frail. (-10% HP) [potion of
                  | mutation]
 88821 | Depths:5 | Lost mutation: Armour fits poorly on your strangely shaped
                  | body. [potion of mutation]
 88821 | Depths:5 | Lost mutation: Your body often deteriorates upon taking
                  | damage. [potion of mutation]
 88821 | Depths:5 | Gained mutation: Your muscles are strong. (Str +2) [potion
                  | of mutation]
 88821 | Depths:5 | Gained mutation: Your muscles are very strong. (Str +4)
                  | [potion of mutation]
 89790 | Zot:5    | Killed an orb of fire
 89897 | Zot:5    | Got the Orb of Zot
 90047 | Depths:4 | Noticed Duh Tedi the pandemonium lord
 90047 | Depths:4 | Noticed an ancient lich
 90500 | D:$      | Escaped with the Orb!

Vault maps used:
D:1:      onia_arrival_mini_maze
D:2:      chequers_ecumenical_altar_simple_redux
D:3:      lemuel_round_altar, portal_sewer_entry_b, first_ration
D:4:      grunt_temple_overflow_open, gammafunk_ghost_mausoleum,
          okawaru_metal_pillars_3
D:5:      minmay_temple_entry_hall, gammafunk_ghost_stat_death
D:6:      grunt_temple_overflow_order_and_chaos_1
D:7:      chequers_temple_overflow_minitemple, serial_column_ruins,
          column_ruins_square_large, column_ruins_hut_ruined,
          column_ruins_columns_straight, column_ruins_grid_2,
          column_ruins_columns_straight, column_ruins_columns_straight
D:8:      erik_lair_orcish_takeover, serial_glass, glass_columns_b,
          glass_columns_a, glass_columns_a, glass_columns_a, glass_columns_b,
          glass_columns_a, glass_columns_a, glass_columns_c, glass_columns_a,
          glass_columns_c, glass_columns_a, glass_columns_b, glass_columns_b,
          glass_columns_a, due_unseen_surprise, feat_on_display, feat_on_display
D:9:      serial_curves, eino_curves_03, eino_curves_01, eino_curves_01,
          eino_curves_02, minmay_circle_x
D:10:     basic_altar
D:11:     orc_0_dummy, enter_bailey_2
D:12:     grunt_livestock, fountainhead
D:13:     eino_jars
D:14:     hangedman_vaults_entry_quadrant_bands, basic_altar, special_room,
          skrybe_limestone_x, uniq_josephine
D:15:     gammafunk_depths_entry_grave, chequers_jeans
Lair:1:   serial_bayou_pond_a
Lair:2:   swamp_mist_pool, minivault_25, minmay_lair_oklob_chamber,
          grunt_megastairs_1, infiniplex_staircase_pool
Lair:3:   minmay_snake_entry_six_corridors, beast_lair_carwin_3
Lair:4:   basic_altar, lemuel_fruit_fields, lemuel_fruit_fields,
          grunt_megastairs_3
Lair:5:   slime_altar_1, gammafunk_ghost_cemetery, kennysheep_snail_temple
Lair:6:   evil_forest, gammafunk_ghost_arena, zaba_anthell
Swamp:1:  hangedman_swamp_cone, infiniplex_staircase_pool_2
Swamp:2:  nicolae_swamp_round_clearing
Swamp:3:  evilmike_swamp_ruin_house_2
Swamp:4:  swamp_old_school, swamp_pool1
Snake:1:  serial_shops, shop, grunt_megastairs_2, minmay_shoptagon
Snake:2:  uniq_frances
Snake:3:  minmay_snake_pond
Snake:4:  minmay_snake_end_coiled, basic_altar
Slime:1:  nicolae_slime_barrier
Slime:3:  nicolae_slime_pool, basic_altar
Slime:4:  cheibrodos_slime_lost_civilization_6
Orc:1:    portal_ice_cave_rime
Orc:2:    grunt_orc_gardens, grunt_orc_garden, grunt_orc_garden,
          grunt_orc_garden, grunt_orc_garden, ebering_ghost_xom, uniq_saint_roka
Elf:1:    minmay_elf_arrival_circle, minmay_elf_demonology, uniq_nikola
Elf:2:    serial_shops, shop, uniq_agnes
Elf:3:    minmay_elf_hall_hex, minmay_shop_grove
Vaults:1: vaults_room_corners, nicolae_vaults_big_angled_halls,
          ontoclasm_vaults_hangar, nicolae_vaults_bisected_slash, v_misc_29,
          hangedman_vaults_stretched_pinwheel, ontoclasm_vaults_decontamination,
          nicolae_vaults_yaktaur_gun_rack, nicolae_vaults_border_crossing
Vaults:2: st_lattice, nicolae_vaults_network_quinsquares,
          minmay_crypt_entry_simple_statues, v_misc_26,
          nicolae_vaults_sealed_display, nicolae_vaults_network_square,
          vaults_room_grunt_arrival_ludios, vaults_room_hallway, v_misc_12
Vaults:3: vaults_room_ringed_pool, v_alt_pattern_3, nicolae_vaults_asterisk,
          nicolae_vaults_branching_niches, grunt_vaults_funnel, v_misc_10,
          grunt_vaults_swirl, hangedman_vaults_hat, v_pattern_5,
          nicolae_vaults_ninety_degrees, nicolae_vaults_shelves_hall,
          serial_shops, nicolae_shop_crystal, uniq_jory
Vaults:4: v_pattern_3, vaults_dpeg_diagonal, nicolae_vaults_big_angled_halls,
          nicolae_vaults_big_angled_halls, hangedman_vaults_snaps,
          vaults_room_glass_cross, vaults_mumra_hex, nicolae_vaults_asterisk,
          v_alt_pattern_6, ontoclasm_vaults_tryst, vaults_dpeg_cross,
          vaults_room_fours, vaults_mumra_lcd, vaults_room_hallway,
          vaults_dpeg_hooks, serial_shops, shop
Depths:1: chequers_serial_rivers_large_a, gammafunk_ghost_ooze,
          rand_demon_pan_entry_8, hell_entry, kennysheep_boxes
Depths:2: minmay_the_grid_plus, pan_entry, kennysheep_big_empty_room,
          grunt_mini_vestibule, minmay_tree_intersection, serial_bayou_shore_b
Depths:3: hangedman_pleasuredromes, hell_entry, pan_entry
Depths:4: regret_index_dithmenos_brocken_genspenst, abyss_entry,
          grunt_hell_entry_dis_mu, serial_glass, glass_columns_a,
          glass_columns_a, uniq_boris
Depths:5: grunt_zot_entry_pinwheel, enter_ziggurat_e,
          pf_vacation_house_of_asmodeus, grunt_decor_clamped
Zot:1:    hangedman_hellfire_club
Zot:2:    hangedman_zot_gyre, grunt_ministairs_7, st_stairs_13, uniq_tiamat
Zot:3:    nicolae_zot_stationary_front
Zot:4:    lemuel_elevator
Zot:5:    door_vault
Abyss:4:  evilmike_abyss_exit_6, hangedman_abyss_rune_macabre_mess, minivault_1
Sewer:    kennysheep_door_sewer
Bailey:   bailey_axe_2, bailey
IceCv:    ice_cave_tombish

Skill      XL: |  1  2  3  4  5  6  7  8  9 10 11 12 13 14 15 16 17 18 19 20 21 22 23 24 25 26 27 |
---------------+----------------------------------------------------------------------------------+-----
Maces & Flails | 4 5 |  5.9
Fighting       | 3 4 5 7 8 9 10 11 12 13 14 15 16 17 18 19 21 23 | 23.1
Bows           | 1 3 5 8 10 11 12 13 15 16 17 19 20 | 20.0
Armour         | 1 2 4 5 7 8 9 10 11 12 13 14 15 17 18 19 | 19.0
Invocations    | 3 5 7 8 9 10 12 | 12.0
Evocations     | 4 5 8 |  8.2
Dodging        | 5 7 8 10 11 12 14 18 | 18.1
Necromancy     | 5 8 10 | 10.0
Earth Magic    | 5 8 10 | 10.0
Spellcasting   | 3 5 6 13 | 13.1
Translocations | 3 8 |  8.0
Hexes          | 3 |  3.0
Charms         | 2 12 | 12.0
Air Magic      | 2 12 | 12.0
Throwing       | |  2.0

Action                   |  1- 3 |  4- 6 |  7- 9 | 10-12 | 13-15 | 16-18 | 19-21 | 22-24 | 25-27 || total
-------------------------+-------+-------+-------+-------+-------+-------+-------+-------+-------++-------
Melee: Flail             |   112 |   299 |    38 |       |       |       |       |       |       ||   449
       Whip              |       |       |   249 |   492 |   436 |   583 |    29 |       |       ||  1789
       Longbow           |       |       |       |     1 |       |       |       |       |       ||     1
       Quarterstaff      |       |       |       |       |       |       |       |    17 |       ||    17
 Fire: Longbow           |       |     3 |    84 |   254 |   588 |  1186 |  1581 |  1743 |  2661 ||  8100
Throw: Stone             |    27 |    72 |    14 |       |       |       |       |       |       ||   113
       Throwing net      |       |     4 |       |       |       |       |       |       |     4 ||     8
 Cast: Borgnjor's Vile C |       |       |       |       |       |       |       |    29 |   103 ||   132
       Regeneration      |       |       |       |       |       |       |       |    27 |    60 ||    87
       Portal Projectile |       |       |       |       |       |       |       |     2 |    14 ||    16
       Blink             |       |       |       |       |       |       |       |     1 |    20 ||    21
       Passage of Golubr |       |       |       |       |       |       |       |     1 |    13 ||    14
       Apportation       |       |       |       |       |       |       |       |       |   197 ||   197
       Passwall          |       |       |       |       |       |       |       |       |    12 ||    12
       Deflect Missiles  |       |       |       |       |       |       |       |       |     7 ||     7
Invok: Fungal Bloom      |       |       |     3 |    52 |    47 |    68 |    57 |    45 |    44 ||   316
       Evolution         |       |       |       |     6 |    10 |    17 |    17 |    16 |    17 ||    83
       Sunlight          |       |       |       |     5 |       |     1 |       |       |       ||     6
       Rain              |       |       |       |       |       |       |     1 |       |     1 ||     2
       Growth            |       |       |       |       |       |       |       |       |     3 ||     3
 Abil: Evoke Invisibilit |       |       |       |       |     1 |     3 |       |       |     1 ||     5
Evoke: Wand              |       |       |       |       |       |    11 |     3 |     1 |     2 ||    17
       Sack of spiders   |       |       |       |       |       |       |     3 |       |       ||     3
       Fan of gales      |       |       |       |       |       |       |     1 |       |       ||     1
  Use: Scroll            |       |     8 |    14 |    13 |     7 |     9 |     3 |    15 |    30 ||    99
       Potion            |       |     1 |       |       |     3 |     1 |     1 |     2 |    13 ||    21
 Stab: Invisible         |       |     5 |       |       |     2 |       |       |       |       ||     7
       Held in net/web   |       |     1 |       |       |       |       |       |       |       ||     1
       Sleeping          |       |     1 |       |       |       |       |       |       |       ||     1
       Distracted        |       |       |       |     1 |     3 |     2 |     1 |       |       ||     7
       Confused          |       |       |       |       |       |     3 |       |       |       ||     3
  Eat: Chunk             |     2 |    12 |    14 |    24 |    18 |    34 |    25 |    15 |    36 ||   180
       Ration            |       |       |     1 |     2 |     2 |     4 |     4 |    10 |    21 ||    44
Armor: Leather armour    |    34 |    52 |       |       |       |       |       |       |       ||    86
       Chain mail        |       |    52 |   157 |    84 |   133 |   517 |   238 |    14 |       ||  1195
       Plate armour      |       |       |       |   202 |   185 |       |       |       |       ||   387
       Ring mail         |       |       |       |       |    19 |    15 |       |    39 |   325 ||   398
       Swamp dragon scal |       |       |       |       |       |       |       |    89 |       ||    89
Dodge: Dodged            |    80 |   227 |   113 |   181 |   370 |   683 |   313 |   388 |   934 ||  3289
       Deflected         |       |       |       |       |       |       |     6 |    65 |    99 ||   170

Table legend:
 A = Non-vault XP
 B = Vault XP
 C = Vault XP percentage of total XP
 D = Non-vault monster count
 E = Vault monster count
 F = Vault count percentage of total count
                 A         B        C        D         E       F
            +---------+---------+-------+---------+---------+-------
      Total |  793581 |  714052 |  47.4 |    1555 |     836 |  35.0
            +---------+---------+-------+---------+---------+-------
        D:1 |     121 |       0 |   0.0 |      40 |       0 |   0.0
        D:2 |      49 |       0 |   0.0 |      14 |       0 |   0.0
        D:3 |     164 |       4 |   2.4 |      44 |       4 |   8.3
        D:4 |     424 |     217 |  33.9 |      15 |       4 |  21.1
        D:5 |     360 |     421 |  53.9 |       8 |       4 |  33.3
        D:6 |     676 |       0 |   0.0 |      23 |       0 |   0.0
        D:7 |    1339 |     460 |  25.6 |      20 |       4 |  16.7
        D:8 |    2473 |     125 |   4.8 |      41 |       4 |   8.9
        D:9 |    1510 |     296 |  16.4 |      24 |       4 |  14.3
       D:10 |    2584 |       0 |   0.0 |      34 |       0 |   0.0
       D:11 |    4900 |       0 |   0.0 |      38 |       0 |   0.0
       D:12 |    4302 |     732 |  14.5 |      22 |       5 |  18.5
       D:13 |    5911 |    3106 |  34.4 |      26 |      13 |  33.3
       D:14 |    3995 |   10783 |  73.0 |      29 |      37 |  56.1
       D:15 |   14318 |    4063 |  22.1 |      30 |       8 |  21.1
     Lair:1 |    5478 |       0 |   0.0 |      24 |       0 |   0.0
     Lair:2 |    3107 |     771 |  19.9 |      13 |       4 |  23.5
     Lair:3 |    3808 |    1710 |  31.0 |      14 |      14 |  50.0
     Lair:4 |    5932 |    2069 |  25.9 |      19 |       6 |  24.0
     Lair:5 |    9450 |    6050 |  39.0 |      33 |      12 |  26.7
     Lair:6 |    9683 |   18372 |  65.5 |      32 |      74 |  69.8
    Swamp:1 |   18063 |       0 |   0.0 |      44 |       0 |   0.0
    Swamp:2 |    6789 |       0 |   0.0 |      15 |       0 |   0.0
    Swamp:3 |   14990 |       0 |   0.0 |      41 |       0 |   0.0
    Swamp:4 |   13012 |   18932 |  59.3 |      48 |      24 |  33.3
    Snake:1 |   12277 |     629 |   4.9 |      25 |       2 |   7.4
    Snake:2 |   13103 |    2385 |  15.4 |      23 |       1 |   4.2
    Snake:3 |   19614 |     606 |   3.0 |      34 |       5 |  12.8
    Snake:4 |   23986 |   26782 |  52.8 |      46 |      46 |  50.0
    Slime:1 |    3502 |       0 |   0.0 |      10 |       0 |   0.0
    Slime:2 |    8633 |       0 |   0.0 |       9 |       0 |   0.0
    Slime:3 |   20951 |       0 |   0.0 |      29 |       0 |   0.0
    Slime:4 |   15747 |    6983 |  30.7 |      20 |       3 |  13.0
    Slime:5 |   17402 |   21573 |  55.4 |      30 |       8 |  21.1
      Orc:1 |    2091 |    4667 |  69.1 |      25 |      12 |  32.4
      Orc:2 |    4252 |   13511 |  76.1 |      17 |      34 |  66.7
      Elf:1 |   21623 |    9023 |  29.4 |      40 |       9 |  18.4
      Elf:2 |   19558 |    5721 |  22.6 |      32 |       5 |  13.5
      Elf:3 |   10643 |   58730 |  84.7 |      17 |      42 |  71.2
   Vaults:1 |   22883 |    6924 |  23.2 |      43 |       9 |  17.3
   Vaults:2 |   44952 |   23000 |  33.8 |      62 |      34 |  35.4
   Vaults:3 |   29540 |   37561 |  56.0 |      46 |      45 |  49.5
   Vaults:4 |   42063 |   36243 |  46.3 |      63 |      46 |  42.2
   Depths:1 |   11083 |    6829 |  38.1 |      19 |       7 |  26.9
   Depths:2 |   43718 |   36430 |  45.5 |      52 |      41 |  44.1
   Depths:3 |    1000 |  101060 |  99.0 |       4 |      86 |  95.6
   Depths:4 |   28801 |   28905 |  50.1 |      39 |      27 |  40.9
   Depths:5 |   29366 |   27901 |  48.7 |      30 |      16 |  34.8
      Zot:1 |   36362 |    5426 |  13.0 |      21 |       8 |  27.6
      Zot:2 |   26496 |   33274 |  55.7 |      18 |      19 |  51.4
      Zot:3 |   68877 |   11180 |  14.0 |      47 |       8 |  14.5
      Zot:4 |   24834 |    3121 |  11.2 |      15 |       1 |   6.2
      Zot:5 |   42532 |  133023 |  75.8 |      27 |      42 |  60.9
    Abyss:3 |    9584 |       0 |   0.0 |      15 |       0 |   0.0
    Abyss:4 |    4670 |       0 |   0.0 |       6 |       0 |   0.0
      Sewer |       0 |     157 | 100.0 |       0 |       6 | 100.0
     Bailey |       0 |     353 | 100.0 |       0 |      34 | 100.0
      IceCv |       0 |    3944 | 100.0 |       0 |      19 | 100.0
            +---------+---------+-------+---------+---------+-------
